Capitals vs Canadiens
Created - 27 décembre 2014 at 19:19
Goals
|
| Capitals |
0 |
0 |
0 |
0 |
| Canadiens |
2 |
0 |
0 |
2 |
|
Shots
|
| Capitals |
5 |
9 |
2 |
16 |
| Canadiens |
13 |
8 |
7 |
28 |
|
1st period
1. Canadiens , Patrick Marleau 28 (Mike Ribeiro) at 11:10 (PP)
2. Canadiens , Marek Svatos 17 (Michel Ouellet, Brooks Laich) at 16:43
Penalties :
Ryan Getzlaf (Was) for Hooking (Minor) at 10:58, Nicklas Lidstrom (Mon) for Hooking (Minor) at 11:23
2nd period
No Goal
Penalties :
Dennis Wideman (Mon) for Elbowing (Minor) at 2:00, Tom Poti (Was) for Roughing (Minor) at 9:56
3rd period
No Goal
Penalties :
Riley Cote (Mon) for Tripping (Minor) at 1:10, Tom Poti (Was) for Slashing (Minor) at 14:28
Goalie Stats
Tim Thomas (Was), 26 saves from 28 shots - (0,929), L, 14-13-2, 60:00 minutes
Jaroslav Halak (Mon), 16 saves from 16 shots - (1,000), W, 10-9-1, 60:00 minutes
Players Stats for Capitals
Player Name G A P +/- PIM S H SB GA TA FO MP PP MP PK MP
------------------------------------------------------------------------------------
Adam Hall 0 0 0 0 0 0 0 0 0 0 0/0 9:35 0:00 0:00
Ales Hemsky 0 0 0 -1 0 2 3 0 0 0 0/0 16:46 2:25 0:00
Anton Volchenkov 0 0 0 -1 0 0 0 1 0 1 0/0 21:45 3:33 2:48
Bryce Salvador 0 0 0 0 0 0 1 0 0 0 0/0 14:40 0:00 0:02
Chris Kunitz 0 0 0 0 0 0 1 0 0 1 0/0 15:31 0:00 0:48
David Krejci 0 0 0 0 0 0 0 0 0 0 1/2 8:01 0:00 0:00
Jarome Iginla 0 0 0 0 0 2 2 0 1 0 3/6 22:16 3:32 2:12
Jay Harrison 0 0 0 0 0 0 1 1 0 0 0/0 16:15 0:00 1:37
Loui Eriksson 0 0 0 -1 0 1 4 0 0 0 0/0 17:00 2:25 0:00
Lukas Krajicek 0 0 0 0 0 0 0 0 0 0 0/0 5:42 0:00 1:01
Marc-Édouard Vlasic 0 0 0 0 0 0 0 0 1 0 0/0 18:57 2:24 1:20
Nicklas Backstrom 0 0 0 0 0 0 1 1 1 0 9/18 18:30 3:32 1:16
Paul Stastny 0 0 0 0 0 3 0 0 1 1 4/7 15:36 0:00 0:00
Phil Kessel 0 0 0 0 0 2 0 0 1 0 0/1 14:40 0:00 0:42
Ryan Getzlaf 0 0 0 -1 2 1 1 0 0 1 4/9 17:49 2:25 1:04
Ryan Suter 0 0 0 0 0 1 1 1 0 0 0/0 18:57 2:24 1:20
Thomas Vanek 0 0 0 0 0 3 2 0 1 0 1/2 19:32 3:32 2:18
Tom Poti 0 0 0 -1 4 1 1 1 0 1 0/0 24:15 3:33 0:12
Players Stats for Canadiens
Player Name G A P +/- PIM S H SB GA TA FO MP PP MP PK MP
------------------------------------------------------------------------------------
Brandon Prust 0 0 0 0 0 2 2 0 0 0 0/0 10:32 0:00 1:08
Brett Clark 0 0 0 0 0 0 1 0 0 0 0/0 19:25 0:00 2:44
Brooks Laich 0 1 1 0 0 3 5 0 0 0 2/6 12:34 0:00 0:17
Craig Rivet 0 0 0 1 0 0 1 1 0 0 0/0 15:53 1:55 0:14
Dennis Wideman 0 0 0 0 2 1 0 1 0 3 0/0 24:28 2:15 2:22
Jamie Lundmark 0 0 0 0 0 2 1 0 1 0 3/4 9:20 0:00 0:00
Josh Gorges 0 0 0 0 0 0 0 0 0 1 0/0 18:32 0:00 2:11
Marek Svatos 1 0 1 1 0 2 2 0 0 0 0/1 19:41 2:19 1:41
Matt Carle 0 0 0 1 0 1 1 0 0 1 0/0 17:38 1:55 1:59
Michel Ouellet 0 1 1 0 0 0 0 0 0 0 0/0 11:53 0:00 0:00
Mikael Samuelsson 0 0 0 0 0 1 0 0 0 0 0/0 9:20 0:00 0:00
Mike Ribeiro 0 1 1 1 0 5 0 0 0 0 12/19 20:35 2:19 3:08
Nicklas Lidstrom 0 0 0 0 2 2 0 0 1 0 0/0 24:06 2:15 2:24
Patrick Marleau 1 0 1 1 0 2 1 0 1 1 3/6 20:35 2:19 3:08
Radim Vrbata 0 0 0 0 0 2 1 0 1 0 0/0 14:46 1:51 0:00
Riley Cote 0 0 0 0 2 1 1 0 0 0 0/0 13:20 0:00 0:51
Saku Koivu 0 0 0 0 0 2 0 0 0 0 3/9 16:36 1:51 1:41
Sergei Samsonov 0 0 0 0 0 2 1 0 1 0 0/0 14:46 1:51 0:00
3 Stars
1 - Jaroslav Halak (Mon)
2 - Marek Svatos (Mon)
3 - Patrick Marleau (Mon)
Power Play
Capitals - 0 on 3 Attempt(s) - 0,00%
Canadiens - 1 on 3 Attempt(s) - 33,33%
Penalty Kill
Capitals - 2 on 3 Attempt(s) - 66,67%
- Score 0 goal in Penalty Kill
Canadiens - 3 on 3 Attempt(s) - 100,00%
- Score 0 goal in Penalty Kill
Official
Referees : Hasenfratz Mike and McCreary Bill
Linesman : Bryan Pancich and Darren Gibbs
Game Notes
No Game Note
Finance
Level 1 -- Attendance: 4968 (82,80%) -- Ticket Income 442 152 $
Level 2 -- Attendance: 4591 (91,82%) -- Ticket Income 229 550 $
Level 3 -- Attendance: 1849 (92,45%) -- Ticket Income 57 319 $
Level 4 -- Attendance: 3576 (89,40%) -- Ticket Income 71 520 $
Luxury Box -- Attendance: 881 (88,10%) -- Ticket Income 145 365 $
Game was played at the Centre Bell
Total Attendance: 15865 (88,14%)
Total Ticket Income: 945 906 $
Other Income: 141 886 $
Total Income: 1 087 792 $
Capitals
5 vs 5 Forward
Center Left Wing Right Wing Time % Phy DF OF
1 Nicklas Backstrom Thomas Vanek Jarome Iginla 40 1 2 2
2 Ryan Getzlaf Loui Eriksson Ales Hemsky 30 1 2 2
3 Paul Stastny Chris Kunitz Phil Kessel 20 1 2 2
4 David Krejci Jarome Iginla Adam Hall 10 1 2 2
5 vs 5 Defense
Defense Defense Time % Phy DF OF
1 Tom Poti Anton Volchenkov 40 1 2 2
2 Marc-Édouard Vlasic Ryan Suter 30 1 2 2
3 Bryce Salvador Jay Harrison 20 1 2 2
4 Lukas Krajicek Tom Poti 10 1 2 2
PowerPlay Forward
Center Left Wing Right Wing Time % Phy DF OF
1 Nicklas Backstrom Thomas Vanek Jarome Iginla 60 1 2 2
2 Ryan Getzlaf Loui Eriksson Ales Hemsky 40 1 2 2
PowerPlay Defense
Defense Defense Time % Phy DF OF
1 Tom Poti Anton Volchenkov 60 1 2 2
2 Marc-Édouard Vlasic Ryan Suter 40 1 2 2
Penalty Kill 4 Players Forward
Center Wing Time % Phy DF OF
1 Jarome Iginla Thomas Vanek 60 1 2 2
2 Nicklas Backstrom Ryan Getzlaf 40 1 2 2
Penalty Kill 4 Players Defense
Defense Defense Time % Phy DF OF
1 Tom Poti Anton Volchenkov 60 1 2 2
2 Marc-Édouard Vlasic Ryan Suter 40 1 2 2
Penalty Kill - 3 Players Forward
Forward Time % Phy DF OF
1 Jarome Iginla 60 1 2 2
2 Thomas Vanek 40 1 2 2
Penalty Kill - 3 Players Defense
Defense Defense Time % Phy DF OF
1 Tom Poti Anton Volchenkov 60 1 2 2
2 Marc-Édouard Vlasic Ryan Suter 40 1 2 2
4 vs 4 Forward
Center Wing Time % Phy DF OF
1 Jarome Iginla Thomas Vanek 60 1 2 2
2 Nicklas Backstrom Ryan Getzlaf 40 1 2 2
4 vs 4 Defense
Defense Defense Time % Phy DF OF
1 Tom Poti Anton Volchenkov 60 1 2 2
2 Marc-Édouard Vlasic Ryan Suter 40 1 2 2
Last Minutes Offensive
Center Left Wing Right Wing Defense Defense
Nicklas Backstrom Thomas Vanek Jarome Iginla Tom Poti Anton Volchenkov
Last Minutes Defensive
Center Left Wing Right Wing Defense Defense
Nicklas Backstrom Thomas Vanek Jarome Iginla Tom Poti Anton Volchenkov
Goaltenders
Starting : Tim Thomas
Backup : Jonathan Bernier
Extra Forwards
Normal : Paul Stastny, Chris Kunitz, Phil Kessel - PP : Paul Stastny, Chris Kunitz - PK : Phil Kessel
Extra Defensemen
Normal : Bryce Salvador, Jay Harrison, Lukas Krajicek - PP : Bryce Salvador - PK : Jay Harrison, Lukas Krajicek
Penalty Shots
Jarome Iginla, Thomas Vanek, Nicklas Backstrom, Ryan Getzlaf, Paul Stastny
Canadiens
5 vs 5 Forward
Center Left Wing Right Wing Time % Phy DF OF
1 Mike Ribeiro Patrick Marleau Marek Svatos 40 1 2 2
2 Saku Koivu Sergei Samsonov Radim Vrbata 30 1 2 2
3 Brooks Laich Riley Cote Michel Ouellet 20 1 2 2
4 Jamie Lundmark Brandon Prust Mikael Samuelsson 10 1 2 2
5 vs 5 Defense
Defense Defense Time % Phy DF OF
1 Dennis Wideman Nicklas Lidstrom 40 1 2 2
2 Brett Clark Josh Gorges 30 1 2 2
3 Craig Rivet Matt Carle 20 1 2 2
4 Dennis Wideman Nicklas Lidstrom 10 1 2 2
PowerPlay Forward
Center Left Wing Right Wing Time % Phy DF OF
1 Mike Ribeiro Patrick Marleau Marek Svatos 60 1 2 2
2 Saku Koivu Sergei Samsonov Radim Vrbata 40 1 2 2
PowerPlay Defense
Defense Defense Time % Phy DF OF
1 Dennis Wideman Nicklas Lidstrom 60 1 2 2
2 Craig Rivet Matt Carle 40 1 2 2
Penalty Kill 4 Players Forward
Center Wing Time % Phy DF OF
1 Patrick Marleau Mike Ribeiro 60 1 2 2
2 Saku Koivu Marek Svatos 40 1 2 2
Penalty Kill 4 Players Defense
Defense Defense Time % Phy DF OF
1 Dennis Wideman Nicklas Lidstrom 60 1 2 2
2 Brett Clark Josh Gorges 40 1 2 2
Penalty Kill - 3 Players Forward
Forward Time % Phy DF OF
1 Patrick Marleau 60 1 2 2
2 Mike Ribeiro 40 1 2 2
Penalty Kill - 3 Players Defense
Defense Defense Time % Phy DF OF
1 Dennis Wideman Nicklas Lidstrom 60 1 2 2
2 Brett Clark Josh Gorges 40 1 2 2
4 vs 4 Forward
Center Wing Time % Phy DF OF
1 Patrick Marleau Mike Ribeiro 60 1 2 2
2 Saku Koivu Marek Svatos 40 1 2 2
4 vs 4 Defense
Defense Defense Time % Phy DF OF
1 Dennis Wideman Nicklas Lidstrom 60 1 2 2
2 Brett Clark Josh Gorges 40 1 2 2
Last Minutes Offensive
Center Left Wing Right Wing Defense Defense
Mike Ribeiro Patrick Marleau Marek Svatos Dennis Wideman Nicklas Lidstrom
Last Minutes Defensive
Center Left Wing Right Wing Defense Defense
Mike Ribeiro Patrick Marleau Marek Svatos Dennis Wideman Nicklas Lidstrom
Goaltenders
Starting : Jaroslav Halak
Backup : Miika Kiprusoff
Extra Forwards
Normal : Brooks Laich, Michel Ouellet, Riley Cote - PP : Brooks Laich, Michel Ouellet - PK : Riley Cote
Extra Defensemen
Normal : Craig Rivet, Matt Carle, Brett Clark - PP : Craig Rivet - PK : Matt Carle, Brett Clark
Penalty Shots
Patrick Marleau, Mike Ribeiro, Saku Koivu, Marek Svatos, Sergei Samsonov
% Time on Ice - Capitals
Lines # - Real PCT - Wanted PCT - Time Play
Normal Forward
1 - 30% - 40% - 14:54
2 - 29% - 30% - 14:21
3 - 26% - 20% - 12:53
4 - 16% - 10% - 7:45
Normal Defense
1 - 32% - 40% - 16:04
2 - 31% - 30% - 15:38
3 - 27% - 20% - 13:33
4 - 9% - 10% - 4:38
PP Forward
1 - 59% - 60% - 3:32
2 - 41% - 40% - 2:25
PP Defense
1 - 60% - 60% - 3:33
2 - 40% - 40% - 2:24
PK Forward
1 - 74% - 60% - 3:06
2 - 26% - 40% - 1:04
PK Defense
1 - 68% - 60% - 2:50
2 - 32% - 40% - 1:20
PK3 Forward
1 - 0% - 60%
2 - 0% - 40%
PK3 Defense
1 - 0% - 60%
2 - 0% - 40%
44 Forward
1 - 0% - 60%
2 - 0% - 40%
44 Defense
1 - 0% - 60%
2 - 0% - 40%
Last Minute Offensive - 0:00
Last Minute Defensive - 0:00
Total
Forward - 60:00
Defense - 60:00
|
% Time on Ice - Canadiens
Lines # - Real PCT - Wanted PCT - Time Play
Normal Forward
1 - 31% - 40% - 15:25
2 - 27% - 30% - 13:28
3 - 23% - 20% - 11:40
4 - 19% - 10% - 9:20
Normal Defense
1 - 38% - 40% - 18:56
2 - 34% - 30% - 17:09
3 - 23% - 20% - 11:29
4 - 5% - 10% - 2:19
PP Forward
1 - 56% - 60% - 2:19
2 - 44% - 40% - 1:51
PP Defense
1 - 54% - 60% - 2:15
2 - 46% - 40% - 1:55
PK Forward
1 - 72% - 60% - 4:16
2 - 28% - 40% - 1:41
PK Defense
1 - 63% - 60% - 3:46
2 - 37% - 40% - 2:11
PK3 Forward
1 - 0% - 60%
2 - 0% - 40%
PK3 Defense
1 - 0% - 60%
2 - 0% - 40%
44 Forward
1 - 0% - 60%
2 - 0% - 40%
44 Defense
1 - 0% - 60%
2 - 0% - 40%
Last Minute Offensive - 0:00
Last Minute Defensive - 0:00
Total
Forward - 60:00
Defense - 60:00
|
Play by Play
1st period
0:01 of 1st period - Nicklas Backstrom wins face-off versus Mike Ribeiro in neutral zone.
0:08 of 1st period - Wrist shot by Jarome Iginla.
0:08 of 1st period - Stopped by Jaroslav Halak with a rebound.
0:16 of 1st period - Nicklas Backstrom is hit by Marek Svatos and loses puck.
0:45 of 1st period - Off-side.
0:46 of 1st period - Jamie Lundmark wins face-off versus Paul Stastny in neutral zone.
1:25 of 1st period - Snap shot by Mikael Samuelsson.
1:25 of 1st period - Shot Blocked by Ryan Suter.
1:27 of 1st period - Slapshot by Nicklas Lidstrom.
1:27 of 1st period - Stopped by Tim Thomas with a rebound.
1:29 of 1st period - Snap shot by Jamie Lundmark.
1:29 of 1st period - Shot Misses the Net.
1:31 of 1st period - Slapshot by Nicklas Lidstrom.
1:31 of 1st period - Deflect By Mikael Samuelsson.
1:31 of 1st period - Shot Misses the Net.
1:31 of 1st period - Puck is out of play.
1:32 of 1st period - Thomas Vanek wins face-off versus Mike Ribeiro in Capitals zone.
1:57 of 1st period - Michel Ouellet is hit by Ales Hemsky and loses puck.
2:04 of 1st period - Snap shot by Ryan Getzlaf.
2:04 of 1st period - Shot Misses the Net.
2:06 of 1st period - Wrist shot by Ales Hemsky.
2:06 of 1st period - Shot Hit the Post.
2:08 of 1st period - Slapshot by Tom Poti.
2:08 of 1st period - Stopped by Jaroslav Halak with a rebound.
2:45 of 1st period - Off-side.
2:46 of 1st period - Ryan Getzlaf wins face-off versus Saku Koivu in neutral zone.
2:58 of 1st period - Slapshot by Loui Eriksson.
2:58 of 1st period - Shot Misses the Net.
3:12 of 1st period - Marek Svatos is hit by Jarome Iginla and loses puck.
5:08 of 1st period - Slapshot by Nicklas Lidstrom.
5:08 of 1st period - Stopped by Tim Thomas with a rebound.
5:10 of 1st period - Slapshot by Mikael Samuelsson.
5:10 of 1st period - Stopped by Tim Thomas with a rebound.
5:12 of 1st period - Snap shot by Mikael Samuelsson.
5:12 of 1st period - Deflect By Brandon Prust.
5:12 of 1st period - Stopped by Tim Thomas with a rebound.
5:14 of 1st period - Snap shot by Dennis Wideman.
5:14 of 1st period - Stopped by Tim Thomas without a rebound.
5:15 of 1st period - Mike Ribeiro wins face-off versus David Krejci in Capitals zone.
5:18 of 1st period - Slapshot by Mike Ribeiro.
5:18 of 1st period - Stopped by Tim Thomas with a rebound.
6:16 of 1st period - Icing by Paul Stastny.
6:17 of 1st period - David Krejci wins face-off versus Saku Koivu in Capitals zone.
6:44 of 1st period - Wrist shot by Thomas Vanek.
6:44 of 1st period - Shot Hit the Post.
6:46 of 1st period - Snap shot by Jarome Iginla.
6:46 of 1st period - Deflect By Thomas Vanek.
6:46 of 1st period - Shot Misses the Net.
6:46 of 1st period - Puck is out of play.
6:47 of 1st period - Brooks Laich wins face-off versus Thomas Vanek in Canadiens zone.
6:58 of 1st period - Marc-Édouard Vlasic is hit by Brett Clark and loses puck.
7:12 of 1st period - Icing by Loui Eriksson.
7:13 of 1st period - Saku Koivu wins face-off versus Ryan Getzlaf in Capitals zone.
8:17 of 1st period - Backhand shot by Brandon Prust.
8:17 of 1st period - Stopped by Tim Thomas without a rebound.
8:18 of 1st period - Nicklas Backstrom wins face-off versus Mike Ribeiro in Capitals zone.
8:31 of 1st period - Slapshot by Patrick Marleau.
8:31 of 1st period - Stopped by Tim Thomas with a rebound.
8:33 of 1st period - Wrist shot by Mike Ribeiro.
8:33 of 1st period - Stopped by Tim Thomas with a rebound.
8:43 of 1st period - Matt Carle is hit by Ales Hemsky and loses puck.
9:28 of 1st period - Slapshot by Mikael Samuelsson.
9:28 of 1st period - Shot Misses the Net.
10:15 of 1st period - Wrist shot by Saku Koivu.
10:15 of 1st period - Shot Misses the Net.
10:29 of 1st period - Icing by Josh Gorges.
10:30 of 1st period - Paul Stastny wins face-off versus Brooks Laich in Canadiens zone.
10:58 of 1st period - Minor Penalty to Ryan Getzlaf for Hooking.
10:59 of 1st period - Jarome Iginla wins face-off versus Mike Ribeiro in Capitals zone.
11:04 of 1st period - Wrist shot by Marek Svatos.
11:04 of 1st period - Stopped by Tim Thomas without a rebound.
11:05 of 1st period - Mike Ribeiro wins face-off versus Jarome Iginla in Capitals zone.
11:10 of 1st period - Slapshot by Patrick Marleau.
11:10 of 1st period - Goal by Patrick Marleau - Capitals : 0 - Canadiens : 1.
11:11 of 1st period - Nicklas Backstrom wins face-off versus Mike Ribeiro in neutral zone.
11:20 of 1st period - Snap shot by Jarome Iginla.
11:20 of 1st period - Deflect By Thomas Vanek.
11:20 of 1st period - Stopped by Jaroslav Halak without a rebound.
11:21 of 1st period - Mike Ribeiro wins face-off versus Nicklas Backstrom in Canadiens zone.
11:23 of 1st period - Minor Penalty to Nicklas Lidstrom for Hooking.
11:24 of 1st period - Nicklas Backstrom wins face-off versus Patrick Marleau in Canadiens zone.
11:40 of 1st period - Backhand shot by Thomas Vanek.
11:40 of 1st period - Shot Blocked by Dennis Wideman.
12:43 of 1st period - Matt Carle is hit by Ryan Suter.
13:13 of 1st period - Wrist shot by Thomas Vanek.
13:13 of 1st period - Stopped by Jaroslav Halak with a rebound.
13:15 of 1st period - Wrist shot by Jarome Iginla.
13:15 of 1st period - Shot Misses the Net.
13:17 of 1st period - Slapshot by Marc-Édouard Vlasic.
13:17 of 1st period - Shot Misses the Net.
13:19 of 1st period - Wrist shot by Jarome Iginla.
13:19 of 1st period - Stopped by Jaroslav Halak without a rebound.
13:20 of 1st period - Patrick Marleau wins face-off versus Ryan Getzlaf in Canadiens zone.
13:23 of 1st period - Penalty to Nicklas Lidstrom is over, Nicklas Lidstrom is back on ice.
13:31 of 1st period - Snap shot by Loui Eriksson.
13:31 of 1st period - Shot Misses the Net.
14:19 of 1st period - Chris Kunitz is hit by Patrick Marleau.
14:35 of 1st period - Wrist shot by Saku Koivu.
14:35 of 1st period - Shot Misses the Net.
14:55 of 1st period - Snap shot by Brandon Prust.
14:55 of 1st period - Deflect By Jamie Lundmark.
14:55 of 1st period - Stopped by Tim Thomas with a rebound.
15:47 of 1st period - Thomas Vanek is hit by Sergei Samsonov and loses puck.
16:43 of 1st period - Wrist shot by Marek Svatos.
16:43 of 1st period - Goal by Marek Svatos - Capitals : 0 - Canadiens : 2.
16:44 of 1st period - Nicklas Backstrom wins face-off versus Mike Ribeiro in neutral zone.
16:47 of 1st period - Wrist shot by Thomas Vanek.
16:47 of 1st period - Shot Misses the Net.
17:09 of 1st period - Sergei Samsonov is hit by Ryan Getzlaf and loses puck.
19:37 of 1st period - Icing by Matt Carle.
19:38 of 1st period - Saku Koivu wins face-off versus Ryan Getzlaf in Canadiens zone.
Goals for this period are 0 for Capitals vs 2 for Canadiens.
Shots for this period are 5 for Capitals vs 13 for Canadiens.
2nd period
0:01 of 2nd period - Mike Ribeiro wins face-off versus Jarome Iginla in neutral zone.
0:03 of 2nd period - Off-side.
0:04 of 2nd period - Nicklas Backstrom wins face-off versus Patrick Marleau in neutral zone.
0:35 of 2nd period - Snap shot by Ales Hemsky.
0:35 of 2nd period - Stopped by Jaroslav Halak with a rebound.
0:49 of 2nd period - Wrist shot by Phil Kessel.
0:49 of 2nd period - Shot Misses the Net.
0:51 of 2nd period - Snap shot by Phil Kessel.
0:51 of 2nd period - Stopped by Jaroslav Halak with a rebound.
0:53 of 2nd period - Snap shot by Phil Kessel.
0:53 of 2nd period - Stopped by Jaroslav Halak without a rebound.
0:54 of 2nd period - Paul Stastny wins face-off versus Brooks Laich in Canadiens zone.
1:04 of 2nd period - Icing by Ryan Suter.
1:05 of 2nd period - Mike Ribeiro wins face-off versus Paul Stastny in Capitals zone.
1:16 of 2nd period - Snap shot by Paul Stastny.
1:16 of 2nd period - Stopped by Jaroslav Halak without a rebound.
1:17 of 2nd period - Mike Ribeiro wins face-off versus Nicklas Backstrom in Canadiens zone.
1:22 of 2nd period - Nicklas Lidstrom is hit by Nicklas Backstrom and loses puck.
1:33 of 2nd period - Snap shot by Thomas Vanek.
1:33 of 2nd period - Stopped by Jaroslav Halak without a rebound.
1:34 of 2nd period - Ryan Getzlaf wins face-off versus Saku Koivu in Canadiens zone.
2:00 of 2nd period - Minor Penalty to Dennis Wideman for Elbowing.
2:01 of 2nd period - Patrick Marleau wins face-off versus Nicklas Backstrom in Canadiens zone.
2:08 of 2nd period - Slapshot by Nicklas Lidstrom.
2:08 of 2nd period - Shot Blocked by Tom Poti.
2:10 of 2nd period - Slapshot by Nicklas Lidstrom.
2:10 of 2nd period - Shot Misses the Net.
2:12 of 2nd period - Wrist shot by Mike Ribeiro.
2:12 of 2nd period - Stopped by Tim Thomas with a rebound.
4:00 of 2nd period - Penalty to Dennis Wideman is over, Dennis Wideman is back on ice.
4:13 of 2nd period - Snap shot by Paul Stastny.
4:13 of 2nd period - Stopped by Jaroslav Halak with a rebound.
4:15 of 2nd period - Slapshot by Chris Kunitz.
4:15 of 2nd period - Shot Misses the Net.
4:29 of 2nd period - Wrist shot by Riley Cote.
4:29 of 2nd period - Stopped by Tim Thomas with a rebound.
5:19 of 2nd period - Wrist shot by Brooks Laich.
5:19 of 2nd period - Stopped by Tim Thomas with a rebound.
6:46 of 2nd period - Ales Hemsky is hit by Jamie Lundmark and loses puck.
7:12 of 2nd period - Slapshot by Dennis Wideman.
7:12 of 2nd period - Shot Misses the Net.
7:14 of 2nd period - Snap shot by Sergei Samsonov.
7:14 of 2nd period - Stopped by Tim Thomas with a rebound.
7:50 of 2nd period - Phil Kessel is hit by Brandon Prust and loses puck.
8:21 of 2nd period - Tom Poti is hit by Brooks Laich and loses puck.
8:52 of 2nd period - Radim Vrbata is hit by Thomas Vanek and loses puck.
9:08 of 2nd period - Off-side.
9:09 of 2nd period - Mike Ribeiro wins face-off versus Paul Stastny in neutral zone.
9:24 of 2nd period - Wrist shot by Marek Svatos.
9:24 of 2nd period - Deflect By Mike Ribeiro.
9:24 of 2nd period - Shot Misses the Net.
9:24 of 2nd period - Puck is out of play.
9:25 of 2nd period - Nicklas Backstrom wins face-off versus Saku Koivu in Capitals zone.
9:34 of 2nd period - Slapshot by Sergei Samsonov.
9:34 of 2nd period - Stopped by Tim Thomas without a rebound.
9:35 of 2nd period - Saku Koivu wins face-off versus Nicklas Backstrom in Capitals zone.
9:36 of 2nd period - Wrist shot by Radim Vrbata.
9:36 of 2nd period - Stopped by Tim Thomas with a rebound.
9:44 of 2nd period - Snap shot by Saku Koivu.
9:44 of 2nd period - Stopped by Tim Thomas without a rebound.
9:45 of 2nd period - Mike Ribeiro wins face-off versus Nicklas Backstrom in Capitals zone.
9:45 of 2nd period - Mike Ribeiro is hit by Tom Poti.
9:56 of 2nd period - Minor Penalty to Tom Poti for Roughing.
9:57 of 2nd period - Jarome Iginla wins face-off versus Marek Svatos in Capitals zone.
10:30 of 2nd period - Wrist shot by Saku Koivu.
10:30 of 2nd period - Shot Misses the Net.
10:58 of 2nd period - Wrist shot by Ryan Getzlaf.
10:58 of 2nd period - Shot Misses the Net.
11:56 of 2nd period - Penalty to Tom Poti is over, Tom Poti is back on ice.
12:10 of 2nd period - Snap shot by Loui Eriksson.
12:10 of 2nd period - Shot Blocked by Craig Rivet.
12:12 of 2nd period - Wrist shot by Loui Eriksson.
12:12 of 2nd period - Deflect By Ales Hemsky.
12:12 of 2nd period - Stopped by Jaroslav Halak without a rebound.
12:13 of 2nd period - Ryan Getzlaf wins face-off versus Jamie Lundmark in Canadiens zone.
12:40 of 2nd period - Mikael Samuelsson is hit by Thomas Vanek and loses puck.
14:42 of 2nd period - Ryan Suter is hit by Matt Carle and loses puck.
15:01 of 2nd period - Brooks Laich is hit by Loui Eriksson and loses puck.
15:33 of 2nd period - Snap shot by Jamie Lundmark.
15:33 of 2nd period - Shot Misses the Net.
15:35 of 2nd period - Slapshot by Craig Rivet.
15:35 of 2nd period - Shot Misses the Net.
15:51 of 2nd period - Wrist shot by Loui Eriksson.
15:51 of 2nd period - Stopped by Jaroslav Halak without a rebound.
15:52 of 2nd period - Brooks Laich wins face-off versus Ryan Getzlaf in Canadiens zone.
16:36 of 2nd period - Wrist shot by Paul Stastny.
16:36 of 2nd period - Shot Misses the Net.
16:38 of 2nd period - Slapshot by Ryan Suter.
16:38 of 2nd period - Stopped by Jaroslav Halak without a rebound.
16:39 of 2nd period - Paul Stastny wins face-off versus Saku Koivu in Canadiens zone.
16:52 of 2nd period - Snap shot by Saku Koivu.
16:52 of 2nd period - Stopped by Tim Thomas with a rebound.
18:30 of 2nd period - Nicklas Lidstrom is hit by Loui Eriksson.
18:56 of 2nd period - Paul Stastny is hit by Riley Cote and loses puck.
19:03 of 2nd period - Snap shot by Michel Ouellet.
19:03 of 2nd period - Deflect By Brooks Laich.
19:03 of 2nd period - Shot Blocked by Jay Harrison.
19:03 of 2nd period - Puck is out of play.
19:04 of 2nd period - Mike Ribeiro wins face-off versus Nicklas Backstrom in Capitals zone.
19:16 of 2nd period - Off-side.
19:17 of 2nd period - Mike Ribeiro wins face-off versus Nicklas Backstrom in neutral zone.
19:46 of 2nd period - Nicklas Lidstrom is hit by Loui Eriksson and loses puck.
19:58 of 2nd period - Icing by Saku Koivu.
19:59 of 2nd period - Paul Stastny wins face-off versus Brooks Laich in Canadiens zone.
Goals for this period are 0 for Capitals vs 0 for Canadiens.
Shots for this period are 9 for Capitals vs 8 for Canadiens.
3rd period
0:01 of 3rd period - Nicklas Backstrom wins face-off versus Mike Ribeiro in neutral zone.
0:11 of 3rd period - Off-side.
0:12 of 3rd period - Mike Ribeiro wins face-off versus Nicklas Backstrom in neutral zone.
1:01 of 3rd period - Wrist shot by Brooks Laich.
1:01 of 3rd period - Stopped by Tim Thomas without a rebound.
1:02 of 3rd period - Nicklas Backstrom wins face-off versus Brooks Laich in Capitals zone.
1:10 of 3rd period - Minor Penalty to Riley Cote for Tripping.
1:11 of 3rd period - Patrick Marleau wins face-off versus Nicklas Backstrom in Canadiens zone.
1:25 of 3rd period - Snap shot by Mike Ribeiro.
1:25 of 3rd period - Stopped by Tim Thomas with a rebound.
1:27 of 3rd period - Backhand shot by Mike Ribeiro.
1:27 of 3rd period - Shot Blocked by Nicklas Backstrom.
1:42 of 3rd period - Off-side.
1:43 of 3rd period - Ryan Getzlaf wins face-off versus Saku Koivu in neutral zone.
2:42 of 3rd period - Slapshot by Brooks Laich.
2:42 of 3rd period - Stopped by Tim Thomas with a rebound.
3:10 of 3rd period - Penalty to Riley Cote is over, Riley Cote is back on ice.
3:54 of 3rd period - Slapshot by Matt Carle.
3:54 of 3rd period - Shot Misses the Net.
3:56 of 3rd period - Slapshot by Matt Carle.
3:56 of 3rd period - Deflect By Bryce Salvador.
3:56 of 3rd period - Stopped by Tim Thomas with a rebound.
5:00 of 3rd period - Phil Kessel is hit by Brandon Prust and loses puck.
5:31 of 3rd period - Tom Poti is hit by Brooks Laich.
7:55 of 3rd period - Snap shot by Dennis Wideman.
7:55 of 3rd period - Deflect By Jamie Lundmark.
7:55 of 3rd period - Shot Misses the Net.
7:55 of 3rd period - Puck is out of play.
7:56 of 3rd period - Jamie Lundmark wins face-off versus Phil Kessel in Capitals zone.
8:39 of 3rd period - Slapshot by Radim Vrbata.
8:39 of 3rd period - Shot Blocked by Anton Volchenkov.
8:41 of 3rd period - Slapshot by Radim Vrbata.
8:41 of 3rd period - Stopped by Tim Thomas with a rebound.
11:09 of 3rd period - Loui Eriksson is hit by Marek Svatos and loses puck.
11:22 of 3rd period - Jarome Iginla is hit by Brooks Laich and loses puck.
11:35 of 3rd period - Josh Gorges is hit by Jay Harrison and loses puck.
12:12 of 3rd period - Sergei Samsonov is hit by Loui Eriksson and loses puck.
12:33 of 3rd period - Patrick Marleau is hit by Chris Kunitz and loses puck.
12:46 of 3rd period - Adam Hall is hit by Brooks Laich.
12:50 of 3rd period - Craig Rivet is hit by Bryce Salvador and loses puck.
13:01 of 3rd period - Wrist shot by Jamie Lundmark.
13:01 of 3rd period - Stopped by Tim Thomas with a rebound.
14:28 of 3rd period - Minor Penalty to Tom Poti for Slashing.
14:29 of 3rd period - Mike Ribeiro wins face-off versus Jarome Iginla in Capitals zone.
14:35 of 3rd period - Snap shot by Mike Ribeiro.
14:35 of 3rd period - Stopped by Tim Thomas with a rebound.
15:16 of 3rd period - Off-side.
15:17 of 3rd period - Jarome Iginla wins face-off versus Patrick Marleau in neutral zone.
15:44 of 3rd period - Nicklas Backstrom is hit by Radim Vrbata.
16:28 of 3rd period - Penalty to Tom Poti is over, Tom Poti is back on ice.
16:34 of 3rd period - Jay Harrison is hit by Brooks Laich and loses puck.
17:07 of 3rd period - Snap shot by Ryan Getzlaf.
17:07 of 3rd period - Stopped by Jaroslav Halak without a rebound.
17:08 of 3rd period - Jamie Lundmark wins face-off versus Ryan Getzlaf in Canadiens zone.
17:33 of 3rd period - Mike Ribeiro is hit by Jarome Iginla and loses puck.
18:01 of 3rd period - Dennis Wideman is hit by Ales Hemsky and loses puck.
18:16 of 3rd period - Snap shot by Paul Stastny.
18:16 of 3rd period - Stopped by Jaroslav Halak with a rebound.
19:53 of 3rd period - Jay Harrison is hit by Craig Rivet and loses puck.
Goals for this period are 0 for Capitals vs 0 for Canadiens.
Shots for this period are 2 for Capitals vs 7 for Canadiens.
Output by the SimonT Hockey Simulator (STHS) for François Prévost -- Original Page W3C XHTML 1.0 Valid